 Dungeon Crawl Stone Soup version 0.28.0-45-g0d030f2227 (webtiles) character file.

Game seed: 16140735326013913762

33982 101zpm the Basher (level 13, 0/85 HPs)
             Began as a Gargoyle Fighter on Apr 8, 2022.
             Was a Priest of the Shining One.
             Killed by divine providence
             ... invoked by a meliai
              (17 damage)
             ... on level 15 of the Dungeon.
             The game lasted 00:44:40 (18398 turns).

101zpm the Basher (Gargoyle Fighter)               Turns: 18398, Time: 00:44:41

Health: 0/85       AC: 19    Str: 21    XL:     13   Next: 74%
Magic:  0/24       EV: 14    Int:  9    God:    the Shining One [***...]
Gold:   1076       SH:  5    Dex:  9    Spells: 12/15 levels left

rFire   . . .      SeeInvis .   v - +3 flail (protect)
rCold   . . .      Faith    .   c - +0 buckler
rNeg    + + .      Spirit   +   r - +1 robe of Vines {NoPotionHeal Regen++++}
rPois   ∞          Reflect  .   F - +1 hat
rElec   +          Harm     .   S - +1 cloak of the Tuna {Rampage Will+++ Regen+ Str-4}
rCorr   .          Rampage  +   O - +0 pair of gloves
Will    +++..                   u - +1 pair of boots
Stlth   +.........              f - amulet of guardian spirit
HPRegen 4.24/turn               k - ring of magical power
MPRegen 0.19/turn               w - ring of wizardry

@: glowing, studying Necromancy
A: sickness immunity, AC +9, negative energy resistance 1, electricity
resistance, torment resistance 1, petrification resistance
a: Renounce Religion, Divine Shield, Cleansing Flame


You were on level 15 of the Dungeon.
You worshipped the Shining One.
The Shining One was most pleased with you.
You visited 2 branches of the dungeon, and saw 16 of its levels.
You also visited: Bailey.

You collected 1076 gold pieces.

Inventory:

Hand Weapons
 l - a +3 dagger
 v - a +3 flail of protection (weapon)
 H - the +5 hunting sling of Conflict {flame, rPois rF+}
   (You took it off an orc on level 7 of the Dungeon)

   Any ammunition fired from it burns those it strikes, dealing additional fire
   damage.
   rF:        It protects you from fire.
   rPois:     It protects you from poison.
Missiles
 j - 27 boomerangs
 p - 22 poisoned darts (quivered)
 I - 494 stones
 J - 60 sling bullets
 U - 3 curare-tipped darts
 V - a throwing net
Armour
 c - a +0 buckler (worn)
 r - the +1 robe of Vines (worn) {NoPotionHeal Regen++++}
   (You found it on level 2 of the Dungeon)

   Its wearer cannot be healed by potions.
   Regen:     It increases your rate of health regeneration.
 u - a +1 pair of boots (worn)
 A - +0 fire dragon scales
 F - a +1 hat (worn)
 O - a +0 pair of gloves (worn)
 S - the +1 cloak of the Tuna (worn) {Rampage Will+++ Regen+ Str-4}
   (You found it on level 9 of the Dungeon)

   Str:       It affects your strength (-4).
   Regen:     It increases your rate of health regeneration.
   Rampage:   It bestows one free step when moving towards enemies.
   Will:      It greatly increases your willpower.
Jewellery
 f - an amulet of guardian spirit (around neck)
 k - a ring of magical power (left hand)
 w - a ring of wizardry (right hand)
 y - a ring of wizardry
 Q - a ring of magical power
 W - a ring of resist corrosion
 Z - a ring of ice
Wands
 b - a wand of iceblast (19)
 C - a wand of paralysis (3)
 D - a wand of flame (35)
 R - a wand of acid (12)
Scrolls
 h - a scroll of fear
 i - 5 scrolls of enchant armour
 m - a scroll of fog {unknown}
 s - 4 scrolls of enchant weapon
 t - a scroll of acquirement {unknown}
 x - 3 scrolls of immolation
 B - 2 scrolls of blinking
 E - a scroll of summoning {unknown}
 G - 2 scrolls of brand weapon {unknown}
 L - 3 scrolls of amnesia
 X - 5 scrolls of teleportation
 Y - a scroll of magic mapping {unknown}
Potions
 a - 2 potions of experience
 d - a potion of might
 e - 3 potions of flight
 g - 2 potions of cancellation {unknown}
 n - 5 potions of magic
 o - 6 potions of heal wounds {unknown}
 q - 5 potions of curing
 z - 2 potions of berserk rage {unknown}
 K - 3 potions of lignification {unknown}
 M - 2 potions of brilliance {unknown}
 N - 5 potions of haste {unknown}
 T - 5 potions of mutation {unknown}


   Skills:
 + Level 11.8 Fighting
 + Level 2.1 Short Blades
 + Level 14.5 Maces & Flails
 + Level 4.6(4.8) Slings
 + Level 2.1(3.6) Throwing
 + Level 4.2 Armour
 + Level 8.7 Dodging
 + Level 4.1 Stealth
 + Level 8.8 Shields
 + Level 1.7 Spellcasting
 + Level 1.7 Conjurations


You had 12 spell levels left.
You knew the following spells:

 Your Spells              Type           Power      Damage    Failure   Level
a - Magic Dart            Conj           12%        1d3       9%          1
b - Searing Ray           Conj           6%         2d4       12%         2

Your spell library contained the following spells:

 Spells                   Type           Power      Damage    Failure   Level
 Animate Skeleton         Necr           0%         N/A       16%         1
 Apportation              Tloc           0%         N/A       16%         1
 Beastly Appendage        Tmut           0%         N/A       16%         1
 Pain                     Necr           0%         1d4       16%         1
 Sandblast                Erth           0%         2d4       16%         1
 Passwall                 Tmut/Erth      0%         N/A       26%         2
 Wereblood                Tmut           0%         N/A       26%         2
 Conjure Flame            Conj/Fire      2%         6-21      32%         3
 Stone Arrow              Conj/Erth      4%         3d7       32%         3
 Call Canine Familiar     Summ           0%         N/A       43%         3
 Ignite Poison            Fire/Tmut/Pois 0%         N/A       43%         3
 Portal Projectile        Hex/Tloc       0%         N/A       43%         3
 Spider Form              Tmut/Pois      0%         N/A       43%         3
 Vampiric Draining        Necr           0%         2d6       43%         3
 Fulminant Prism          Conj/Hex       1%         3d6       71%         4
 Sticky Flame             Conj/Fire      2%         2d3       71%         4
 Animate Dead             Necr           0%         N/A       82%         4
 Leda's Liquefaction      Hex/Erth       0%         N/A       82%         4
 Freezing Cloud           Conj/Ice/Air   0%         6-21      97%         5
 Alistair's Intoxication  Tmut/Pois      0%         N/A       98%         5
 Excruciating Wounds      Necr           0%         N/A       98%         5
 Metabolic Englaciation   Hex/Ice        0%         N/A       98%         5
 Yara's Violent Unravell  Hex/Tmut       0%         3d3       98%         5
 Enfeeble                 Hex            0%         N/A       100%        7
 Haunt                    Necr/Summ      0%         N/A       100%        7
 Monstrous Menagerie      Summ           0%         N/A       100%        7
 Infestation              Necr           0%         N/A       100%        8


Dungeon Overview and Level Annotations

Branches:
Dungeon (15/15)            Temple (1/1) D:7            Lair (0/6) D:11
    Orc (0/2) D:9          Bailey (visited)
 Vaults: D:13-14     Depths: D:15

Altars:
Ashenzari
Cheibriados
Dithmenos
Elyvilon
Fedhas
Gozag
Hepliaklqana
Kikubaaqudgha
Makhleb
Nemelex Xobeh
Okawaru
Qazlal
Ru
Sif Muna
Trog
Uskayaw
Vehumet
Wu Jian
Xom
Yredelemnul
Zin
The Shining One

Shops:
D:1 *   D:7 *   D:8 :   D:10 (   D:13 ?

Portals:
Trove: D:12 (show abyssal rune of Zot)

Annotations:
D:14 1 runed translucent door


Innate Abilities, Weirdness & Mutations

You are immune to sickness and miasma.
Your stone body is resilient. (AC +9)
You are immune to poison.
You resist negative energy. (rN+)
You are resistant to electric shocks. (rElec)
You are resistant to unholy torment.
You are immune to petrification.


Message History

A meliai comes into view. It is wielding a +0 hand axe.
You can now channel blasts of cleansing flame.
The meliai hits you but does no damage. The meliai barely misses you.
The meliai closely misses you. The meliai barely misses you.
The meliai invokes the aid of its god against you.
Something smites you!
The meliai mumbles some strange prayers to its god against you.
Something smites you! The meliai hits you but does no damage.
The meliai barely misses you. The meliai closely misses you.
You block the meliai's attack. The meliai hits you with a +0 hand axe.
The meliai stings you but does no damage.
The meliai invokes the aid of its god against you.
Something smites you! The meliai hits you but does no damage.
The meliai misses you.
The meliai mumbles some strange prayers to its god against you.
Something smites you!
* * * LOW HITPOINT WARNING * * *
The meliai hits you with a +0 hand axe.
* * * LOW HITPOINT WARNING * * *
The meliai stings you but does no damage.
The meliai hits you but does no damage. The meliai barely misses you.
The orc warrior no longer looks unusually strong.
The meliai misses you. You block the meliai's attack.
The meliai invokes the aid of its god against you.
Something smites you!
* * * LOW HITPOINT WARNING * * *
The meliai hits you but does no damage. The meliai misses you.
The orc warrior no longer looks unusually strong.
You block the meliai's attack. The meliai barely misses you.
You block the meliai's attack.
The meliai stings you but does no damage.
The meliai misses you. x2
The meliai completely misses you. The meliai misses you.
The meliai invokes the aid of its god against you.
Something smites you!
* * * LOW HITPOINT WARNING * * *
The meliai mumbles some strange prayers to its god against you.
Something smites you!
You die...

#..............#
#..............#
#....o.........##
#..............#
#...o..........#
#..............# ####
#oyyo..........# ##..###
##y#............#
##.....####+++##@.#............#
#........#.....#..##...........#
#........#.....#†######.......##
.........#..8..#.# #####...#
.................# ##.##
...........).#...# #..#
.................# ##### ##.#
............).##.###<..#### #.##
..............##.)##......####.#


You could see an orc knight, an orc warrior, 3 meliai and an orc priest.

Vanquished Creatures
  An orc warlord (Bailey)
  A fire dragon (D:14)
  3 vault guards (D:13)
  A hydra (D:13)
  2 ogre magi (D:13)
  2 boulder beetles
  A centaur warrior (D:13)
  3 two-headed ogres
  A deep elf knight (D:13)
  An orc knight (D:15)
  An orc sorcerer (D:15)
  12 ugly things
  A deep elf pyromancer (D:13)
  A harpy (shapeshifter) (D:13)
  3 manticores
  5 cyclopes
  5 centaur zombies
  3 gargoyles
  5 kobold demonologists (D:11)
  A freezing wraith (D:14)
  3 komodo dragons
  2 efreet
  3 trolls (D:12)
  13 slime creatures (D:12)
  Prince Ribbit (D:8)
  A centaur simulacrum (D:14)
  A human (D:13)
  4 wraiths
  A vampire (D:12)
  Eustachio (D:5)
  7 yaks
  Grum (D:8)
  2 vampire mosquitoes (D:13)
  A steam dragon (D:7)
  2 basilisks (D:14)
  A warg (D:15)
  Menkaure (D:4)
  Edmund (D:4)
  A water moccasin (D:5)
  An ice beast (D:6)
  3 sky beasts
  9 orc warriors
  5 necrophages
  3 centaurs
  2 wolves (D:8)
  An ogre (D:6)
  3 kobold brigands
  2 bullfrogs
  2 gnoll sergeants
  A wyvern zombie (D:7)
  A water moccasin zombie (D:6)
  3 scorpions
  A wyvern skeleton (D:6)
  3 killer bees (D:8)
  7 wights
  A howler monkey (D:13)
  3 hounds
  A jelly (D:6)
  2 centaur skeletons (D:5)
  9 orc priests
  A bullfrog skeleton (D:6)
  A scorpion zombie (D:5)
  Jessica (D:2)
  2 iguanas
  9 orc wizards
  A killer bee zombie (D:7)
  6 adders
  8 gnolls
  2 white imps
  An ufetubus (D:4)
  2 worms
  A dart slug (D:2)
  46 orcs
  7 endoplasms
  7 giant cockroaches
  17 goblins
  8 hobgoblins
  2 jackals (D:2)
  20 kobolds
  3 quokkas
  3 training dummies (D:10)
  6 ball pythons
  5 bats
  3 frilled lizards
  2 rats (D:1)
327 creatures vanquished.

Vanquished Creatures (others)
  8 plants
8 creatures vanquished.

Grand Total: 335 creatures vanquished

Notes
Turn   | Place    | Note
-------+----------+-------------------------------------------
     0 | D:1      | 101zpm the Gargoyle Fighter began the quest for the Orb.
     0 | D:1      | Reached XP level 1. HP: 14/14 MP: 1/1
    48 | D:1      | Reached XP level 2. HP: 12/19 MP: 2/2
   200 | D:1      | Found a faded altar of an unknown god.
   615 | D:1      | Reached XP level 3. HP: 23/23 MP: 3/3
   660 | D:1      | Found Itulan's General Store.
  1073 | D:2      | Noticed Jessica
  1088 | D:2      | Killed Jessica
  1089 | D:2      | Reached XP level 4. HP: 28/29 MP: 4/4
  1276 | D:2      | Found the +1 robe of Vines {NoPotionHeal Regen++++}
  2015 | D:2      | Learned a level 1 spell: Magic Dart
  2084 | D:3      | Found a white marble altar of Elyvilon.
  2714 | D:3      | Found a shadowy altar of Dithmenos.
  2908 | D:3      | Found a sacrificial altar of Ru.
  3200 | D:4      | Reached XP level 5. HP: 33/33 MP: 5/5
  3212 | D:4      | Noticed Edmund
  3269 | D:4      | Killed Edmund
  3270 | D:4      | Reached skill level 1 in Short Blades
  3270 | D:4      | Reached skill level 1 in Dodging
  3270 | D:4      | Reached skill level 1 in Stealth
  3270 | D:4      | Reached XP level 6. HP: 34/38 MP: 0/7
  3518 | D:4      | Noticed Menkaure
  3610 | D:5      | Entered Level 5 of the Dungeon
  3730 | D:5      | Noticed a water moccasin
  3751 | D:5      | Killed a water moccasin
  3752 | D:5      | Reached skill level 3 in Maces & Flails
  3794 | D:5      | Reached XP level 7. HP: 44/44 MP: 8/8
  4053 | D:5      | Reached skill level 4 in Maces & Flails
  4180 | D:5      | Noticed Eustachio
  4232 | D:5      | Killed Eustachio
  4789 | D:6      | Reached skill level 5 in Maces & Flails
  4842 | D:6      | Reached XP level 8. HP: 48/48 MP: 9/9
  4915 | D:6      | Reached skill level 5 in Fighting
  4915 | D:6      | Reached skill level 1 in Conjurations
  5027 | D:5      | Reached skill level 1 in Spellcasting
  5255 | D:6      | Reached skill level 6 in Maces & Flails
  5402 | D:6      | Reached skill level 5 in Shields
  5507 | D:6      | Found an opulent altar of Gozag.
  5543 | D:6      | Reached skill level 7 in Maces & Flails
  5543 | D:6      | Reached XP level 9. HP: 54/54 MP: 10/10
  5606 | D:6      | Found an ancient bone altar of Kikubaaqudgha.
  6204 | D:7      | Identified the +5 hunting sling of Conflict {flame, rPois
                  | rF+}
  6679 | D:7      | Found a staircase to the Ecumenical Temple.
  6803 | D:7      | Found Feapomp's Fire Supplies.
  7032 | D:7      | Reached skill level 8 in Maces & Flails
  8040 | D:4      | Killed Menkaure
  8991 | D:8      | Reached skill level 1 in Slings
  9213 | D:8      | Found a flagged portal.
  9233 | Bailey   | Entered a bailey
  9255 | Bailey   | Noticed an orc warlord
  9296 | Bailey   | Reached XP level 10. HP: 61/61 MP: 11/11
  9388 | Bailey   | Found a runed translucent gate.
  9388 | Bailey   | Found a runed translucent gate.
  9390 | Bailey   | Found a runed translucent gate.
  9748 | Bailey   | Killed an orc warlord
  9847 | Bailey   | Got Icwuda's Further Steps in the Arcane Arts
  9851 | Bailey   | Learned a level 2 spell: Searing Ray
 10017 | D:8      | Noticed a two-headed ogre
 10148 | D:8      | Reached skill level 9 in Maces & Flails
 10194 | D:8      | Found Qefra's Book Boutique.
 10204 | D:8      | Noticed Prince Ribbit
 10216 | D:8      | Killed Prince Ribbit
 10321 | D:8      | Noticed Grum
 10339 | D:8      | Reached skill level 5 in Dodging
 10345 | D:8      | Killed Grum
 10618 | D:9      | Identified the +1 cloak of the Tuna {Rampage Will+++ Regen+
                  | Str-4}
 10888 | D:9      | Found a staircase to the Orcish Mines.
 11059 | D:9      | Reached skill level 10 in Maces & Flails
 11139 | D:9      | Reached XP level 11. HP: 68/68 MP: 12/12
 11397 | D:9      | Found a burning altar of Makhleb.
 11522 | Temple   | Entered the Ecumenical Temple
 11672 | D:10     | Entered Level 10 of the Dungeon
 11815 | D:10     | Found Nuomo's Firing Range.
 11909 | D:10     | Noticed a two-headed ogre
 11919 | D:10     | Killed a two-headed ogre
 12127 | D:10     | Noticed a two-headed ogre
 12141 | D:10     | Killed a two-headed ogre
 12489 | D:10     | Found a glowing golden altar of the Shining One.
 12498 | D:10     | Found an ornate altar of the Wu Jian Council.
 12502 | D:10     | Found a shimmering altar of Xom.
 12514 | D:10     | Became a worshipper of the Shining One
 12600 | D:11     | Noticed a two-headed ogre
 12616 | D:11     | Killed a two-headed ogre
 12675 | D:11     | Found a staircase to the Lair.
 12716 | D:11     | Reached skill level 11 in Maces & Flails
 12840 | D:11     | Noticed a soul eater
 12851 | D:11     | Noticed a soul eater
 12874 | D:11     | Reached * piety under the Shining One
 13002 | D:11     | Noticed a boulder beetle
 13054 | D:11     | Killed a boulder beetle
 14062 | D:12     | Reached XP level 12. HP: 76/76 MP: 13/13
 14094 | D:12     | Reached skill level 12 in Maces & Flails
 14741 | D:12     | Reached skill level 10 in Fighting
 14840 | D:12     | Found a portal to a secret trove of treasure.
 14880 | D:12     | Found a glowing golden altar of the Shining One.
 15060 | D:13     | Reached skill level 13 in Maces & Flails
 15075 | D:13     | Noticed a centaur warrior
 15086 | D:13     | Killed a centaur warrior
 15169 | D:13     | Noticed a deep elf knight
 15169 | D:13     | Noticed a vault guard
 15169 | D:13     | Reached ** piety under the Shining One
 15478 | D:13     | Noticed a vault guard
 15720 | D:13     | Found Ynyemm's Magic Scroll Shoppe.
 16161 | D:13     | Noticed a five-headed hydra
 16175 | D:13     | Killed a five-headed hydra
 16176 | D:13     | Reached skill level 1 in Throwing
 16475 | D:13     | Noticed a vault guard
 16475 | D:13     | Noticed an ogre mage
 16506 | D:13     | Killed a vault guard
 16520 | D:13     | Killed an ogre mage
 16521 | D:13     | Reached XP level 13. HP: 79/84 MP: 12/15
 16649 | D:13     | Killed a vault guard
 16811 | D:13     | Killed a vault guard
 17051 | D:12     | Reached skill level 14 in Maces & Flails
 17187 | D:14     | Noticed an ettin
 17187 | D:14     | Noticed an ettin
 17187 | D:14     | Noticed a fire giant
 17188 | D:14     | Found a runed translucent door.
 17189 | D:14     | Noticed an iron dragon
 17190 | D:14     | Noticed a deep elf annihilator
 17190 | D:14     | Noticed a sphinx
 17190 | D:14     | Noticed a yaktaur captain
 17190 | D:14     | Noticed a sphinx
 17312 | D:14     | Noticed a fire dragon
 17344 | D:14     | Killed a fire dragon
 17358 | D:14     | Got the Disquisition on Enchanting Companions
 18066 | D:15     | Entered Level 15 of the Dungeon
 18389 | D:15     | Reached *** piety under the Shining One
 18398 | D:15     | Killed from afar by a meliai

Illustrated notes

Levels and vault maps discovered:
D:1:      minmay_arrival_diagonal_passages, layout_basic, serial_shops, shop,
          ebering_ecumenical_altar_abandoned
D:2:      layout_loops_corners, uniq_jessica
D:3:      cheibrodos_old_hovel, layout_loops_cross, elyvilon_altar_1,
          nicolae_ru_awakened_eye, nicolae_dithmenos_through_a_glass_darkly,
          minmay_puff
D:4:      layout_basic, chequers_mini_garden, corexii_corridor_pit, uniq_edmund,
          uniq_menkaure
D:5:      layout_basic, uniq_eustachio
D:6:      layout_gridville, mainiacjoe_overflow_concentric_impassable,
          grunt_gozag_breadcrumbs, kennysheep_opposing_triangles
D:7:      layout_loops_ring, minmay_temple_entry_proselytizer,
          serial_co_window_serial, co_window_paths_a, co_window_paths_a,
          co_window_of_opportunity_a, co_window_paths_a, co_window_cross_1,
          co_window_broadway_c, co_window_unsneaky_path_b, co_window_broadway_c,
          co_window_broadway_a, co_window_corner_ca, co_window_of_opportunity_b,
          co_window_4corner_b, nicolae_shop_fire_sale [nicolae_sub_dead_trees]
D:8:      layout_basic, enter_bailey_3, serial_shops, nicolae_shop_statue_plus,
          nicolae_fountain_basement, uniq_grum, uniq_prince_ribbit1
D:9:      layout_stronghold, lightli_temple_of_fire, david_orc_2
D:10:     layout_irregular_city, minmay_overflow_temple_star_quad,
          nicolae_shop_firing_range
D:11:     layout_basic, david_lair_shrubbed, centaur_isle
D:12:     layout_cave_pools, nicolae_trove_entry_diagonal, tso_altar
D:13:     layout_loops_ring, grunt_vaults_entry_fortified, serial_shops,
          nicolae_diamond_shop, roderic_lattice_a, grunt_decor_arrowhead
D:14:     minmay_gate_of_8, layout_rooms, minivault_24
D:15:     grunt_enter_depths_hoard, layout_cave_pods, serial_shops, shop,
          roderic_roman_lattice, ebering_ghost_disaster_area, slow_altar_2
Temple:   dshaligram_water_room_temple

Skill      XL: |  1  2  3  4  5  6  7  8  9 10 11 12 13 |
---------------+----------------------------------------+-----
Armour         | 4 |  4.2
Fighting       | 4 5 6 8 9 10 11 | 11.8
Short Blades   | 1 2 |  2.1
Dodging        | 1 2 3 4 5 6 7 8 |  8.7
Stealth        | 1 2 3 4 |  4.1
Shields        | 4 5 6 7 8 |  8.8
Maces & Flails | 3 5 7 8 10 11 13 14 | 14.5
Conjurations   | 1 |  1.7
Spellcasting   | 1 |  1.7
Slings         | 2 4 |  4.6
Throwing       | 1 2 |  2.1

Action                   |  1- 3 |  4- 6 |  7- 9 | 10-12 | 13-15 || total
-------------------------+-------+-------+-------+-------+-------++-------
Melee: Flail             |    69 |    62 |   319 |   920 |   377 ||  1747
       Dagger            |    28 |   178 |       |       |       ||   206
 Fire: Hunting sling     |       |       |    84 |    39 |       ||   123
Throw: Dart              |       |       |     5 |    17 |       ||    22
 Cast: Magic Dart        |       |     8 |     5 |    14 |       ||    27
  Use: Scroll            |       |     1 |     7 |     1 |     5 ||    14
       Potion            |       |       |     1 |     2 |       ||     3
 Stab: Sleeping          |       |     2 |     2 |     1 |       ||     5
Armor: Scale mail        |    40 |    14 |       |       |       ||    54
       Robe              |       |    59 |   217 |   500 |   145 ||   921
Dodge: Dodged            |    33 |   101 |   188 |   533 |   128 ||   983
Block: Buckler           |    28 |    56 |    71 |   258 |    70 ||   483
